Map: [TLMC19] Dynasty

Players

Krystianer - Winner!

  • Race: Protoss Protoss
  • Spawn Location: 7:00

HonMonO

  • Race: Terran Terran
  • League: Master
  • Spawn Location: 1:00

VOD

Have the link to the VOD?

Description

Time

  • Played on: Dec. 19, 2023, 7:41 a.m.
  • Length: 8:36
Show
View Real Time Build Order
Export as new Build Order

Krystianer Protoss - Winner!

Build Orders: 1 Gate Expand, Colossus Rush 

Get SALT Encoding   

  12  0:00  Probe  
  13  0:12  Probe  
  14  0:16  Pylon  
  14  0:24  Probe (Chrono Boost)  
  16  0:35  Gateway  
  16  0:36  Probe (Chrono Boost)  
  16  0:42  Probe (Chrono Boost)  
  16  0:45  Assimilator  
  17  0:51  Probe  
  18  1:03  Probe  
  19  1:15  Probe  
  20  1:23  Cybernetics Core  
  20  1:31  Nexus  
  20  1:34  Probe  
  21  1:40  Pylon  
  21  1:46  Probe  
  22  1:48  Assimilator  
  22  1:57  Adept (Chrono Boost)  
  22  1:58  Probe  
  25  2:07  Robotics Facility  
  25  2:11  Probe  
  26  2:17  Warp Gate  
  26  2:22  Adept  
  28  2:24  Probe  
  28  2:36  Probe (Chrono Boost)  
  30  2:45  Probe (Chrono Boost)  
  30  2:46  Probe (Chrono Boost)  
  32  2:52  Probe (Chrono Boost)  
  32  2:53  Probe (Chrono Boost)  
  32  2:56  Robotics Bay  
  32  2:57  Probe (Chrono Boost)  
  33  3:02  Probe  
  37  3:09  Warp Prism, Probe  
  38  3:14  Probe  
  39  3:21  Probe  
  39  3:23  Adept (Chrono Boost)  
  39  3:25  Shield Battery  
  42  3:29  Probe, Pylon  
  43  3:36  Gateway  
  44  3:44  Colossus (Chrono Boost)  
  49  3:49  Probe  
  49  3:50  Probe  
  49  3:54  Gravitic Drive  
  51  3:57  Pylon  
  51  4:05  Shield Battery  
  51  4:06  Stalker  
  51  4:09  Probe  
  54  4:15  Probe, Pylon  
  55  4:22  Twilight Council  
  54  4:24  Probe  
  54  4:28  Probe  
  53  4:36  Probe  
  54  4:40  Probe  
  54  4:45  Assimilator  
  55  4:49  Probe  
  55  4:50  Nexus  
  55  4:52  Probe  
  58  4:54  Observer  
  58  4:59  Gateway  
  58  5:02  Probe  
  58  5:06  Probe  
  60  5:12  Charge (Chrono Boost)  
  60  5:14  Probe  
  61  5:18  Probe  
  61  5:19  Gateway  
  62  5:26  Probe  
  63  5:31  Probe  
  64  5:36  Pylon  
  64  5:38  Probe  
  64  5:40  Observer  
  64  5:41  Gateway x2  
  66  5:43  Probe  
  66  5:48  Gateway  
  67  5:50  Probe  
  67  5:51  Gateway  
  67  5:55  Forge, Probe  
  69  5:57  Sentry  
  69  6:01  Zealot  
  69  6:02  Probe  
  69  6:03  Zealot, Observer  
  76  6:07  Probe  
  77  6:11  Shield Battery  
  77  6:12  Gateway  
  77  6:14  Immortal (Chrono Boost)  
  81  6:19  Zealot  
  81  6:22  Probe  
  84  6:27  Zealot x3  
  84  6:31  Pylon  
  90  6:33  Pylon  
  90  6:44  Zealot  
  92  6:48  Pylon  
  92  6:50  Pylon  
  92  6:51  Zealot x2  
  92  6:52  Zealot x3  
  102  6:56  Pylon  
  102  7:00  Zealot x2  
  106  7:08  Zealot x2  
  102  7:15  Zealot x5  
  103  7:25  Probe  
  86  7:30  Zealot x4  
  86  7:31  Probe  
  86  7:35  Warp Prism (Chrono Boost), Probe  
  94  7:38  Probe  
  94  7:44  Templar Archives  
  97  7:52  Zealot x3  
  97  7:53  Forge  
  103  8:03  Forge  
  103  8:05  Zealot x2, Pylon  
  107  8:06  Probe  
  107  8:09  Probe  
  107  8:13  Probe  
  107  8:18  Probe  
  95  8:22  Probe  
  95  8:25  Zealot x5  
  95  8:26  Zealot x2  
  98  8:30  Zealot x2  
Show
View Real Time Build Order
Export as new Build Order

HonMonO Terran 

Build Orders:  

Get SALT Encoding   

  12  0:00  SCV  
  13  0:12  SCV  
  14  0:17  Supply Depot  
  14  0:24  SCV  
  15  0:38  SCV  
  15  0:40  Barracks  
  16  0:44  Refinery  
  16  0:51  SCV  
  17  1:03  SCV  
  18  1:15  SCV  
  19  1:27  Orbital Command, Marine  
  20  1:38  Command Center  
  20  1:45  Barracks Reactor  
  20  1:48  Supply Depot  
  20  1:53  SCV  
  21  2:05  SCV  
  22  2:12  Factory  
  22  2:13  Bunker  
  22  2:17  SCV  
  22  2:21  Marine x2  
  25  2:29  SCV  
  26  2:31  Barracks  
  26  2:40  Marine x2  
  26  2:42  SCV  
  29  2:47  Barracks  
  29  2:55  Orbital Command  
  29  3:01  SCV  
  30  3:08  Hellion x2  
  34  3:13  SCV  
  34  3:15  Barracks Tech Lab  
  35  3:20  Supply Depot  
  35  3:22  SCV  
  35  3:25  SCV  
  37  3:29  Refinery  
  37  3:33  Hellion x2  
  41  3:37  SCV  
  41  3:38  Barracks Tech Lab  
  41  3:39  Barracks Reactor  
  42  3:41  SCV  
  43  3:50  SCV  
  43  3:52  Supply Depot  
  43  3:53  SCV, Engineering Bay  
  45  4:01  Siege Tank  
  45  4:02  Marine x3  
  50  4:06  Stimpack  
  50  4:08  SCV  
  52  4:12  SCV  
  52  4:17  Supply Depot, Marine  
  53  4:18  Marine  
  53  4:20  SCV  
  56  4:28  SCV  
  49  4:31  Marine  
  49  4:32  Marine  
  49  4:33  Siege Tank  
  49  4:35  SCV  
  55  4:40  Marine  
  55  4:41  Missile Turret  
  55  4:42  SCV  
  57  4:47  SCV, Marine  
  57  4:50  Marine  
  57  4:51  Marine  
  61  4:54  SCV  
  61  4:55  Terran Infantry Weapons Level 1  
  61  4:59  SCV  
  63  5:00  Marauder  
  65  5:08  SCV  
  65  5:12  Marine x2  
  65  5:14  SCV  
  65  5:20  Siege Tank, Marine x2, SCV  
  69  5:32  Marine, Marauder  
  69  5:33  SCV  
  69  5:36  Supply Depot, Marine  
  69  5:40  Marine x2  
  69  5:42  SCV  
  73  5:45  SCV  
  74  5:52  Siege Tank  
  74  5:54  Marine  
  78  5:58  Marauder  
  78  5:59  Combat Shield  
  78  6:01  Marine  
  81  6:06  Marine x2  
  81  6:09  SCV x2  
  85  6:11  Marine  
  86  6:19  Marine, Marauder  
  86  6:21  SCV  
  86  6:24  Marine  
  91  6:32  Siege Tank  
  94  6:46  Marine x2, Marauder  
  98  6:52  Marine  
  98  6:53  Marine  
  98  7:06  Marine x2  
  98  7:08  Marine  
  91  7:10  Marine  
  91  7:14  Marine  
  77  7:23  Marine  
  77  7:24  Marine  
  77  7:25  Marine  
  77  7:26  SCV  
  77  7:27  Marine  
  77  7:29  SCV  
  57  7:32  Marine  
  51  7:38  SCV  
  51  7:41  Concussive Shells, Marine, SCV  
  51  7:42  Marine  
  51  7:43  Marine  
  52  7:45  Marine  
  52  7:50  SCV  
  52  7:53  SCV, Command Center  
  52  7:54  Marine  
  51  7:59  Marine  
  51  8:01  Siege Tank  
  51  8:02  SCV  
  56  8:05  SCV, Marine  
  56  8:06  Marine  
  56  8:07  Marauder  
  56  8:12  Supply Depot, Marine  
  62  8:14  SCV  
  62  8:17  Marine  
Tags
 
Add a new tag
Caveats
  • Supply blocks, unpowered buildings, or Contaminate may cause inaccurate times.
  • Supply counts are checked every 10 seconds.